 Dungeon Crawl Stone Soup version 0.30-a0-586-g23e55c9e0a (webtiles) character file.

Game seed: 7106218854346871380

398 tsouns the Chiller (level 6, 0/45 HPs)
             Began as a Ghoul Ice Elementalist on Jan 4, 2023.
             Was a Believer of Lugonu.
             Slain by an ufetubus (5 damage)
             ... on level 4 of the Dungeon.
             The game lasted 00:06:37 (3412 turns).

tsouns the Chiller (Ghoul Ice Elementalist)         Turns: 3412, Time: 00:06:37

Health: 0/45       AC:  2    Str: 12    XL:     6   Next: 83%
Magic:  9/11       EV: 12    Int: 12    God:    Lugonu [**....]
Gold:   123        SH:  0    Dex:  9    Spells: 9/13 levels left

rFire   . . .      SeeInvis .    C - +3 hand axe (heavy)
rCold   + . .      Faith    .    (no shield)
rNeg    + + +      Spirit   .    a - +0 robe
rPois   ∞          Reflect  .    (no helmet)
rElec   .          Harm     .    (no cloak)
rCorr   +          Rampage  .    (no gloves)
Will    .....                    (no boots)
Stlth   ++                       y - amulet of magic regeneration
HPRegen 0.00/turn                k - ring of resist corrosion
MPRegen 0.52/turn                (no ring)

@: inhibited regen
A: claws 1, cold resistance 1, negative energy resistance 3, inhibited
regeneration, torment resistance 2, devour on kill
a: Renounce Religion, Depart the Abyss, Banish


You were on level 4 of the Dungeon.
You worshipped Lugonu.
Lugonu was pleased with you.
You visited 1 branch of the dungeon, and saw 4 of its levels.

You collected 123 gold pieces.

Inventory:

Hand Weapons
 c - a +0 long sword
 v - a +0 dagger of venom
 x - a +0 sling of draining
 C - a +3 heavy hand axe (weapon)
Armour
 a - a +0 robe (worn)
Jewellery
 k - a ring of resist corrosion (left claw)
 y - an amulet of magic regeneration (around neck)
Wands
 m - a wand of light (4)
 s - a wand of polymorph (10)
 B - a wand of mindburst (13)
Scrolls
 d - 4 scrolls of identify {unknown}
 f - a scroll of acquirement {unknown}
 g - a scroll of blinking {unknown}
 h - 4 scrolls of immolation {unknown}
 j - 7 scrolls of teleportation {unknown}
 l - 2 scrolls of silence {unknown}
 n - 3 scrolls of magic mapping {unknown}
 o - a scroll of fear {unknown}
 p - a scroll of vulnerability {unknown}
 q - a scroll of enchant weapon {unknown}
 r - a scroll of amnesia {unknown}
 w - 2 scrolls of fog {unknown}
Potions
 b - a potion of magic
 e - a potion of resistance {unknown}
 i - a potion of invisibility {unknown}
 t - a potion of curing {unknown}
 u - a potion of heal wounds {unknown}
 z - a potion of attraction {unknown}
 A - 2 potions of berserk rage {unknown}


   Skills:
 - Level 1.7 Dodging
 - Level 2.1 Stealth
 + Level 4.3 Spellcasting
 + Level 6.9 Ice Magic


You had 9 spell levels left.
You knew the following spells:

 Your Spells              Type           Power      Damage    Failure   Level
a - Freeze                Ice            76%        1d8       1%          1
b - Frozen Ramparts       Ice            38%        1d6       3%          3

Your spell library contained the following spells:

 Spells                   Type           Power      Damage    Failure   Level
 Ozocubu's Armour         Ice            19%        N/A       3%          3
 Summon Ice Beast         Ice/Summ       10%        N/A       45%         4


Dungeon Overview and Level Annotations

Branches:
Dungeon (4/15)
 Temple: D:4-7

Altars:
Lugonu

Shops:
D:1 [


Innate Abilities, Weirdness & Mutations

You are immune to poison.
You have sharp fingernails.
Your flesh is cold resistant. (rC+)
You are immune to negative energy. (rN+++)
You do not regenerate when monsters are visible.
You are immune to unholy pain and torment.
You thrive by killing the living.


Message History

Casting: Frozen Ramparts (dangerous; 3% risk of failure)
Confirm with . or Enter, or press ? or * to list all spells.
Aiming: Freeze (safe; 1% risk of failure)
Press: ? - help, Shift-Dir - straight line, f - orc
Aim: an orc, wielding a +0 club and wearing a +0 ring mail You freeze the orc.
The orc is heavily wounded.
The ufetubus hits you. The ufetubus closely misses you. The orc misses you.
Casting: Freeze (safe; 1% risk of failure)
Confirm with . or Enter, or press ? or * to list all spells.
Aiming: Freeze (safe; 1% risk of failure)
Press: ? - help, Shift-Dir - straight line, f/p - orc
Aim: an orc, wielding a +0 club and wearing a +0 ring mail (heavily wounded)
You freeze the orc.
You kill the orc!
Lugonu accepts your kill. The ufetubus hits you.
* * * LOW HITPOINT WARNING * * *
The ufetubus barely misses you. The ufetubus closely misses you. x2
Casting: Freeze (safe; 1% risk of failure)
Confirm with . or Enter, or press ? or * to list all spells.
Aiming: Freeze (safe; 1% risk of failure)
Press: ? - help, Shift-Dir - straight line, f - ufetubus
Aim: an ufetubus You freeze the ufetubus.
The ufetubus resists.
The ufetubus is moderately wounded.
The ufetubus barely misses you. The ufetubus hits you.
* * * LOW HITPOINT WARNING * * *
Casting: Freeze (safe; 1% risk of failure)
Confirm with . or Enter, or press ? or * to list all spells.
Aiming: Freeze (safe; 1% risk of failure)
Press: ? - help, Shift-Dir - straight line, f/p - ufetubus
Aim: an ufetubus (moderately wounded)
You freeze the ufetubus.
The ufetubus resists.
The ufetubus is severely wounded.
The ufetubus misses you. The ufetubus closely misses you.
The ufetubus hits you.
* * * LOW HITPOINT WARNING * * *
The ufetubus hits you.
You die...

.# ### #..... ... ..
#..... ##..#.##....
....#[..... ........
#..... #.....#
##....... ...#..5..#
#........ ......)@.#
#........ ....###..###
#........ . ##....#
#........
#...#.####........
#..#......†.....(.. .
#.##...####........ #.
#. ##..###.........
##.##.###..............
........#).............


You could see an ufetubus.

Vanquished Creatures
  Grinder (D:3)
  A jelly (D:3)
  Jessica (D:2)
  Ijyb (D:3)
  6 adders
  2 worms
  2 dart slugs
  5 orcs (D:4)
  7 ball pythons
  2 bats
  4 endoplasms
  3 giant cockroaches
  11 hobgoblins
  2 jackals (D:4)
  4 kobolds
  3 quokkas
  4 goblins
  4 rats
63 creatures vanquished.

Notes
Turn   | Place    | Note
-------+----------+-------------------------------------------
     0 | D:1      | tsouns the Ghoul Ice Elementalist began the quest for the
                  | Orb.
     0 | D:1      | Reached XP level 1. HP: 14/14 MP: 2/2
   225 | D:1      | Reached XP level 2. HP: 20/20 MP: 0/4
   476 | D:1      | Found Ighimig's Armour Shop.
  1028 | D:1      | Reached skill level 5 in Ice Magic
  1028 | D:1      | Reached XP level 3. HP: 19/26 MP: 0/5
  1032 | D:1      | Learned a level 3 spell: Frozen Ramparts
  1702 | D:2      | Found a faded altar of an unknown god.
  1722 | D:2      | Prayed at the altar of an unknown god.
  1722 | D:2      | Became a worshipper of Lugonu the Unformed
  1722 | D:2      | Reached * piety under Lugonu
  1950 | D:2      | Noticed Jessica
  1960 | D:2      | Killed Jessica
  1961 | D:2      | Reached XP level 4. HP: 17/33 MP: 0/7
  2266 | D:3      | Noticed Grinder
  2322 | D:3      | Killed Grinder
  2323 | D:3      | Reached skill level 6 in Ice Magic
  2323 | D:3      | Reached XP level 5. HP: 27/38 MP: 3/10
  2323 | D:3      | Reached XP level 6. HP: 31/45 MP: 3/11
  2688 | D:3      | Noticed Ijyb
  2693 | D:3      | Killed Ijyb
  2885 | D:3      | Reached ** piety under Lugonu
  3412 | D:4      | Slain by an ufetubus

Illustrated notes

Levels and vault maps discovered:
D:1:      psy_arrival_radial02, layout_basic, serial_shops, shop,
          minmay_misc_feat_secret_circle, nicolae_concentric_dashed_squares_mild
D:2:      layout_basic, hellmonk_ecumenical_altar_lost_god,
          chequers_serial_rivers_micro_d, uniq_jessica
D:3:      minmay_bubble_buster, layout_basic, uniq_grinder, uniq_ijyb
D:4:      layout_rooms, uniq_edmund

Skill      XL: |  1  2  3  4 |
---------------+-------------+-----
Spellcasting   | 2 4 |  4.3
Ice Magic      | 5 6 |  6.9
Dodging        | |  1.7
Stealth        | |  2.1

Action                   |  1- 3 |  4- 6 || total
-------------------------+-------+-------++-------
Melee: Long sword        |    57 |    15 ||    72
       Hand axe          |       |     2 ||     2
 Cast: Freeze            |    42 |    54 ||    96
       Frozen Ramparts   |     1 |     5 ||     6
Evoke: Wand              |       |     4 ||     4
 Stab: Sleeping          |     2 |     1 ||     3
Armor: Robe              |    18 |     5 ||    23
Dodge: Dodged            |    68 |    48 ||   116

Table legend: (Time is in decaauts)
 A = Elapsed time spent in this place.
 B = Non-inter-level travel time spent in this place.
 C = Inter-level travel time spent in this place.
 D = Time resting spent in this place.
 E = Time spent auto-exploring this place.
 F = Levels seen in this place.
 G = Mean time per level.
                   A        B        C        D        E       F      G
               +--------+--------+--------+--------+--------+-----+--------+
         Total |   3443 |   3347 |     96 |      0 |   2769 |   4 |  860.8 |
       Dungeon |   3443 |   3347 |     96 |      0 |   2769 |   4 |  860.8 |
               +--------+--------+--------+--------+--------+-----+--------+

Top non-repeatable levels by time:
     D:2: 1220 daAuts
     D:1: 1089 daAuts
     D:3: 1013 daAuts
     D:4: 119 daAuts
